[Event "Super United Croatia GCT Blitz 2022"]
[Site "Zagreb"]
[Date "2022.07.23"]
[Round "1"]
[White "Carlsen, Magnus"]
[Black "Van Foreest, Jorden"]
[Result "1-0"]
[ECO "C65"]
[WhiteElo "2864"]
[BlackElo "2678"]
[Annotator "TA"]
[PlyCount "81"]
[EventDate "2022.07.20"]
[EventType "tourn"]
[EventCountry "CRO"]
[SourceTitle "playchess.com"]
[Source "ChessBase"]
[SourceQuality "1"]
[TimeControl "300+2"]

1. e4 e5 2. Nf3 Nc6 3. Bb5 Nf6 4. d3 Bc5 5. Bxc6 dxc6 6. Qe2 {[%emt 0:00:02] C65: Ruy Lopez: Berlin Defence (3...Nf6), unusual lines and 4 0-0 Bc5.} Qe7 7. h3 {[%emt 0:00:02] 7.Be3 is a critical line.} h6 8. Nbd2 {[%emt 0:00:06] [#] White has an edge.} Bd6 $146 ({Predecessor:} 8... O-O 9. Nc4 Bd6 10. g4 Nd7 11. h4 Nc5 12. Rg1 Ne6 13. Be3 Nf4 14. Bxf4 exf4 {1-0 (36) Sedlak,N (2561)-Pavlovic,M (2448) Zupanja 2007}) 9. Nc4 Nd7 10. Bd2 b6 11. O-O-O Ba6 12. Ne3 g6 13. Kb1 O-O-O 14. Bc3 h5 15. Nd2 Nc5 16. Ndc4 f6 17. h4 Kb8 18. g3 Na4 19. Bd2 Qe6 20. Rhe1 Rhe8 21. Qf1 Bf8 22. f4 exf4 23. gxf4 f5 {[%emt 0:00:20] [#]} 24. exf5 gxf5 25. b3 Nc5 26. Ng4 $2 {[%emt 0:00:02] [#]} hxg4 27. Rxe6 $16 Nxe6 28. Ne5 Bb7 29. h5 {[%emt 0:00:10] aiming for Re1.} c5 30. Re1 Nd4 $2 {[%emt 0:00:06] [#]} (30... Bg7 $16 {was necessary.}) 31. Bc3 $2 (31. Nd7+ $1 $18 {[%mdl 512] and the rest is easy.} Ka8 (31... Kc8 32. Rxe8) 32. Rxe8 Rxe8 33. Nxf8 Rxf8 34. Qe1) 31... Nf3 $2 {[%emt 0:00:02][%mdl 8192] [#]} (31... g3 $16) 32. Nd7+ $1 $18 {[%emt 0:00:12][%mdl 512] White is clearly winning.} Kc8 33. Rxe8 Rxe8 34. Nxf8 Rxf8 35. h6 Rf7 36. Qe2 Bd5 37. Bg7 Kb7 38. h7 Rxg7 39. h8=Q Rg8 40. Qh7 {[%emt 0:00:08] Black must now prevent c4.} g3 {[%emt 0:00:00] [#]} 41. Qxg8 $3 {[%emt 0:00:02] Weighted Error Value: White=0.27 (precise) /Black=0.57} 1-0

[Event "Super United Croatia GCT Blitz 2022"]
[Site "Zagreb"]
[Date "2022.07.23"]
[Round "1"]
[White "Firouzja, Alireza"]
[Black "Topalov, Veselin"]
[Result "0-1"]
[ECO "C90"]
[WhiteElo "2793"]
[BlackElo "2728"]
[Annotator "TA"]
[PlyCount "104"]
[EventDate "2022.07.20"]
[EventType "tourn"]
[EventCountry "CRO"]
[SourceTitle "playchess.com"]
[Source "ChessBase"]
[SourceQuality "1"]
[TimeControl "300+2"]

1. e4 e5 2. Nf3 Nc6 3. Bb5 a6 4. Ba4 Nf6 5. O-O Be7 6. Re1 b5 7. Bb3 O-O 8. d3 d6 9. c3 Na5 10. Bc2 c5 11. Nbd2 Nc6 12. Nf1 Re8 {[%emt 0:00:02] 12...h6 is the modern continuation.} 13. h3 h6 14. Ne3 {[%emt 0:00:10] C90: Closed Ruy Lopez with 7...d6: Early deviations.} Be6 15. a3 Bf8 16. b4 {[%emt 0:00:06] [#] The position is equal.} Rb8 $146 ({Predecessor:} 16... d5 17. exd5 Nxd5 18. Nxd5 Qxd5 19. Be3 Bf5 20. bxc5 Bxc5 21. Bb3 Qd6 22. d4 exd4 23. Nxd4 Nxd4 24. cxd4 {½-½ (85) Bologan,V (2682)-Fressinet,L (2624) Bastia 2005}) 17. Rb1 d5 18. exd5 Nxd5 19. Nxd5 Bxd5 20. Be3 cxb4 21. axb4 a5 22. bxa5 Qxa5 23. Bd2 b4 24. Bb3 Bxb3 25. Rxb3 Qd5 26. Qc2 (26. cxb4 $11 Nxb4 27. Qb1) 26... bxc3 (26... Rbc8 $15 27. c4 Qd6) 27. Rxb8 $11 Rxb8 28. Bxc3 f6 29. Re4 Qb3 30. Qd2 Rd8 31. Rg4 Qb1+ (31... Ne7 $15 32. Rb4 Qd5) 32. Ne1 Kh7 33. Rc4 Qb5 34. Qe2 Qd5 35. Nc2 Ne7 36. d4 Ng6 37. Ne3 Qb5 {[%emt 0:00:10] [#] aiming for ...exd4.} 38. Qc2 exd4 39. Bxd4 Rb8 40. Qd2 Qb1+ 41. Rc1 Qe4 42. f3 Qe6 (42... Qf4 {with more complications.} 43. Kf2 Rd8 44. Rc4 Qg5) 43. Qd3 Rd8 44. h4 {[%emt 0:00:04] [#] Threatens to win with h5.} Kg8 $1 {[%emt 0:00:00] And now ...Nf4 would win.} 45. Qxg6 {[%emt 0:00:02] Strongly threatening Qd3.} Rxd4 46. Nf5 Rxh4 {[%emt 0:00:05][%cal Of8c5] ( -> ...Bc5+!)} 47. Kf2 Qb6+ 48. Kg3 Qb8+ 49. Kxh4 {[%emt 0:00:03] Threatening mate with Kh3.} Qf4+ 50. Qg4 Qxc1 {[%emt 0:00:02] Black is slightly better.} 51. Ng3 Qc5 52. Kh3 Qg5 {[%emt 0:00:01] Weighted Error Value: White=0.09 (flawless) /Black=0.11 (very precise)} 0-1

[Event "Super United Croatia GCT Blitz 2022"]
[Site "Zagreb"]
[Date "2022.07.23"]
[Round "1"]
[White "Nepomniachtchi, Ian"]
[Black "Dominguez Perez, Leinier"]
[Result "1-0"]
[ECO "C36"]
[WhiteElo "2766"]
[BlackElo "2754"]
[Annotator "TA"]
[PlyCount "60"]
[EventDate "2022.07.20"]
[EventType "tourn"]
[EventCountry "CRO"]
[SourceTitle "playchess.com"]
[Source "ChessBase"]
[SourceQuality "1"]
[TimeControl "300+2"]

1. e4 e5 2. f4 d5 3. exd5 exf4 4. Nf3 Nf6 5. Bb5+ c6 6. dxc6 Nxc6 7. Nc3 {[%emt 0:00:01] C36: King's Gambit Accepted: 3 Nf3 d5.} Bd6 8. Qe2+ Be6 9. Nd4 {[%emt 0:00:04] The position is equal.} Qd7 10. Nxe6 fxe6 11. d4 {[%emt 0:00:02] [#] aiming for d5.} O-O 12. Bd2 Rae8 13. O-O-O a6 (13... Nxd4 $2 14. Bxd7 Nxe2+ 15. Nxe2 $18) 14. Bxc6 Qxc6 15. Rhe1 {[%emt 0:00:01] [#]} b5 $146 ({Predecessor:} 15... Nd5 16. Ne4 Bb8 17. Kb1 e5 18. c4 Nb6 19. Bb4 Rf7 20. Bc5 Nd7 21. d5 Qg6 {1-0 (55) Nepomniachtchi,I (2773)-Mitusov,S (2304) Chess.com INT 2022}) 16. Ne4 Nxe4 17. Qxe4 Qd5 18. Kb1 Qxe4 (18... Rf5 {seems wilder.} 19. h3 Kf7 20. c3 h6) 19. Rxe4 f3 20. g3 e5 {[%emt 0:00:05] With the idea ...exd4.} 21. d5 Bc5 22. Rf1 Rd8 23. Rxe5 Bd4 (23... f2 $15) 24. Rg5 (24. Re4 $11 Rxd5 25. Bb4) 24... h6 25. Rg4 Rxd5 26. c3 Bb6 27. Bxh6 Rf7 {[%emt 0:00:04] [#] Threatens to win with ...f2.} (27... Rd7 $5 28. Rg6 Bc5 $15) 28. Rg6 Kh7 29. Rxb6 $16 gxh6 30. Kc2 {[%emt 0:00:01] Against Rd2+} ({Don't play} 30. Rxa6 $6 Re5 31. Rd6 Re2 $11) 30... Re5 {[%emt 0:00:05] Weighted Error Value: White=0.09 (flawless) /Black=0.17 (very precise)} 1-0

[Event "Super United Croatia GCT Blitz 2022"]
[Site "Zagreb"]
[Date "2022.07.23"]
[Round "1"]
[White "Vachier-Lagrave, Maxime"]
[Black "Saric, Ivan"]
[Result "1-0"]
[ECO "E60"]
[WhiteElo "2760"]
[BlackElo "2680"]
[Annotator "TA"]
[PlyCount "65"]
[EventDate "2022.07.20"]
[EventType "tourn"]
[EventCountry "CRO"]
[SourceTitle "playchess.com"]
[Source "ChessBase"]
[SourceQuality "1"]
[TimeControl "300+2"]

1. c4 g6 2. d4 Nf6 3. h4 Bg7 4. Nc3 d6 5. e4 h5 6. Nge2 {[%emt 0:00:13] E60: King's Indian: Unusual lines and Fianchetto Variation without Nc3.} O-O {[%emt 0:00:08] [#]} 7. Bg5 $146 ({Predecessor:} 7. Ng3 Nc6 8. f3 e5 9. d5 Nd4 10. Bg5 c5 11. Bd3 Qb6 12. Qd2 Nh7 13. Be3 Qd8 {1-0 (50) Maevsky,N (2337)-Sapunov,E (2461) Chess.com INT 2021}) 7... Nbd7 8. Qd2 {[%emt 0:00:10] White has an edge.} c5 9. d5 b5 10. cxb5 a6 11. Ng3 Qa5 12. a4 Ne5 13. Ra3 Qb4 14. Be2 (14. Na2 $11 Qxd2+ 15. Kxd2) 14... axb5 15. axb5 Rxa3 16. bxa3 Qxa3 17. O-O Bb7 18. Rb1 Ra8 19. Qc2 c4 20. Bc1 Qc5 21. Be3 Qc8 (21... Qa3 $11) 22. Bd4 (22. Na4 $1 $14 Nfd7 23. Rb4) 22... Nfd7 $1 $11 23. Qd1 Nc5 24. f4 Nb3 25. Bxe5 (25. fxe5 $15 Nxd4 26. Qxd4) 25... dxe5 $17 26. f5 Qc5+ 27. Kh2 Ra3 (27... Nd4 $17 {Hoping for ...Bh6.} 28. Qc1 Kh7) 28. Bxh5 $2 {[%emt 0:00:08][%mdl 8192] [#]} Qe3 $4 (28... gxh5 $19 {and all is fine.} 29. Nxh5 Bh6) 29. fxg6 $18 ({Not} 29. Qf3 $2 Qf4 30. fxg6 fxg6 31. Bxg6 Nd2 32. Qxf4 exf4 $19) 29... Qxc3 $2 (29... fxg6 30. Bxg6 Nd4) 30. gxf7+ Kf8 31. Qg4 {[%emt 0:00:02] White threatens Nf5 and mate.} Nd2 {[%emt 0:00:09] [#]} 32. Nf5 $1 Nf3+ (32... Qg3+ 33. Nxg3) 33. Kh1 {[%emt 0:00:14] Weighted Error Value: White=0.38/Black=0.53} 1-0

[Event "Super United Croatia GCT Blitz 2022"]
[Site "Zagreb"]
[Date "2022.07.23"]
[Round "1"]
[White "Mamedyarov, Shakhriyar"]
[Black "So, Wesley"]
[Result "0-1"]
[ECO "D29"]
[WhiteElo "2759"]
[BlackElo "2773"]
[Annotator "TA"]
[PlyCount "54"]
[EventDate "2022.07.20"]
[EventType "tourn"]
[EventCountry "CRO"]
[SourceTitle "playchess.com"]
[Source "ChessBase"]
[SourceQuality "1"]
[TimeControl "300+2"]

1. d4 Nf6 2. c4 e6 3. Nf3 d5 4. Nc3 c5 5. e3 dxc4 6. Bxc4 a6 7. O-O b5 8. Bb3 Bb7 9. Qe2 Nbd7 10. Rd1 Qc7 $1 {[%emt 0:00:29][%mdl 4] is now more promising than 10...Qb8.} 11. e4 cxd4 12. Nxd4 Bc5 {[%emt 0:00:01] D29: Queen's Gambit Accepted: Classical main line: 7 Qe2 with early ...Nbd7.} (12... b4 13. Na4) 13. Bxe6 fxe6 ({Don't play} 13... Bxd4 14. Bxd7+ Nxd7 15. Rxd4 $16) 14. Nxe6 Qe5 {[%emt 0:00:21][%csl LRe4,LRe6] Black is slightly better.} 15. Nxg7+ Kf7 {[%emt 0:00:01] [#]} 16. Nh5 $146 {[%emt 0:00:09] [#]} ({Predecessor:} 16. Nf5 Rad8 17. Bg5 b4 18. Qc4+ Kg6 19. Nh4+ Kg7 20. Nf5+ Kg6 21. Nh4+ {½-½ (21) Kosmo,S (2213)-Kononen,K (2247) Finland 2012}) 16... Rad8 $1 $17 {[%emt 0:00:09] Dancing on a razor blade. Black is more active.} 17. Ng3 {[%emt 0:00:12] [#]} (17. Nxf6 $1 $15 Nxf6 18. Be3) 17... h5 $1 $19 {[%emt 0:00:13][%cal Bh7h5,Bh5h4][%mdl 32] ...h4 is the strong threat.} 18. Be3 h4 $40 {[%emt 0:00:02][%mdl 128] Black goes for the king.} 19. Nf5 Nxe4 20. Qf3 {[%emt 0:00:15] White wants to mate with Nd6+.} Ndf6 {[%emt 0:00:12] And now ...Rxd1+ would win.} 21. Re1 (21. Nh6+ {was worth a try.} Kg6 22. Rxd8 Rxd8 23. Ng4 Nxg4 24. Qxg4+ Ng5 25. Bxc5 Qxc5 26. Ne2) 21... b4 $2 (21... Bxe3 $19 {has better winning chances.} 22. Nxe3 Nc5) 22. Bxc5 $4 (22. Nxe4 $17 Bxe4 23. Bxc5 Qxf5 24. Qxf5 Bxf5 25. Bxb4) 22... bxc3 23. Ba3 cxb2 ({Black should play} 23... h3 $19 24. g4 Bd5 25. bxc3 Rdg8 26. Nd6+ Nxd6 27. Rxe5 Bxf3 28. Bxd6 Rxg4+ 29. Kf1 Rg2 30. Re7+ Kg6) 24. Rab1 $2 (24. Bxb2 $11 Qxb2 25. Rab1) 24... Rd2 {[%emt 0:00:00] Black is clearly winning.} ({Stronger than} 24... Kg6 25. Ne7+ Kh6 26. Qe3+ Kh5 27. Qf3+ Kh6 28. Qe3+ Kh5 29. Qf3+ Kh6 $11) 25. h3 Rh5 ({Don't go for} 25... Kg6 $2 26. Ne7+ Kg7 27. Qf5 Qxf5 28. Nxf5+ Kg6 29. Ne7+ Kf7 30. Bxb2 $19) 26. Nd6+ (26. Ne3 $142 Qc3 27. Ng4 Qxf3 28. gxf3 Nxg4 29. hxg4) 26... Nxd6 27. Qb3+ Qd5 {[%emt 0:00:03] Weighted Error Value: White=1.30/Black=0.63} 0-1

[Event "Super United Croatia GCT Blitz 2022"]
[Site "Zagreb"]
[Date "2022.07.23"]
[Round "2"]
[White "So, Wesley"]
[Black "Firouzja, Alireza"]
[Result "1/2-1/2"]
[ECO "C67"]
[WhiteElo "2773"]
[BlackElo "2793"]
[Annotator "TA"]
[PlyCount "94"]
[EventDate "2022.07.20"]
[EventType "tourn"]
[EventCountry "CRO"]
[SourceTitle "playchess.com"]
[Source "ChessBase"]
[SourceQuality "1"]
[TimeControl "300+2"]

1. e4 e5 2. Nf3 Nc6 3. Bb5 Nf6 4. O-O Nxe4 5. Re1 Nd6 6. Nxe5 Be7 7. Bf1 Nxe5 8. Rxe5 O-O 9. d4 Bf6 10. Re1 Re8 {[%emt 0:00:02] C67: Ruy Lopez: Berlin Defence: 4 0-0 Nxe4.} 11. Bf4 Rxe1 12. Qxe1 Ne8 13. c3 d5 14. Nd2 Bf5 15. h3 c6 16. Qe3 Nd6 17. Re1 {[%emt 0:00:06] [#]} h6 $146 ({Predecessor:} 17... Qd7 18. Qf3 Re8 19. Rxe8+ Nxe8 20. Qe3 a5 21. Nb3 b6 22. Nd2 h6 23. Nf3 Bb1 {½-½ (41) Biedermann,T (2489)-Pappier,C (2487) ICCF email 2019}) 18. Qg3 Bh4 19. Qf3 {[%emt 0:00:02] [#] Hoping for Bxd6.} Bg5 20. g3 Ne4 21. Nxe4 Bxe4 22. Qe3 Bxf4 23. Qxf4 Qd7 24. f3 Bg6 25. h4 Re8 26. Rxe8+ Qxe8 $11 {[%emt 0:00:01][%mdl 4096] Endgame KQB-KQB} 27. Kf2 {[%emt 0:00:02] Against Qe1+} Qd8 {[%emt 0:00:10] Inhibits Qc7.} 28. a3 f6 29. Bh3 Bf7 (29... Kf7 {keeps more tension.} 30. Ke3 Kf8 31. Bg4 Bf7) 30. Bf5 g5 {[%emt 0:00:02] The position is equal.} 31. hxg5 hxg5 32. Qc1 Qe8 33. f4 Bg6 34. Qc2 Bxf5 35. Qxf5 gxf4 36. Qxf4 {[%emt 0:00:07] KQ-KQ} Kg7 37. Qc7+ Qf7 38. Qxf7+ Kxf7 {[%emt 0:00:01] KP-KP} 39. Kf3 Kg6 40. Kf4 b5 41. b4 a6 42. g4 Kg7 43. g5 Kg6 44. gxf6 Kxf6 45. Kg4 Kg6 46. Kf4 {[%emt 0:00:01] [#] Threatening mate with Ke5.} Kf6 47. Kg4 Kg6 {[%emt 0:00:01] Not much happened in this game.  Weighted Error Value: White=0.02 (flawless) /Black=0.02 (flawless)} 1/2-1/2

[Event "Super United Croatia GCT Blitz 2022"]
[Site "Zagreb"]
[Date "2022.07.23"]
[Round "2"]
[White "Vachier-Lagrave, Maxime"]
[Black "Nepomniachtchi, Ian"]
[Result "0-1"]
[ECO "C01"]
[WhiteElo "2760"]
[BlackElo "2766"]
[Annotator "TA"]
[PlyCount "84"]
[EventDate "2022.07.20"]
[EventType "tourn"]
[EventCountry "CRO"]
[SourceTitle "playchess.com"]
[Source "ChessBase"]
[SourceQuality "1"]
[TimeControl "300+2"]

1. e4 e5 2. Nf3 Nf6 3. Nxe5 d6 4. Nf3 Nxe4 5. d3 Nf6 6. d4 d5 7. Bd3 Bd6 8. Qe2+ Qe7 9. Qxe7+ Kxe7 10. O-O {[%emt 0:00:03] C01: French: Exchange Variation.} Nc6 11. Re1+ Kf8 12. c3 {[%emt 0:00:11] Prevents Nb4. The position is equal.} Ne7 {[%emt 0:00:16] [#]} 13. Nbd2 $146 ({Predecessor:} 13. Bg5 Nfg8 14. Na3 f6 15. Bh4 c6 16. Bg3 Bxg3 17. hxg3 Bf5 18. Bf1 g5 19. Nd2 {0-1 (51) Loxine,J (2398)-Duda,J (2731) Chess.com INT 2019}) 13... Bf5 14. Bf1 h6 15. c4 dxc4 16. Nxc4 Bb4 17. Bd2 Bxd2 18. Ncxd2 Nfd5 19. Rac1 f6 20. Bc4 c6 21. a3 Kf7 22. Ba2 (22. Nh4 {looks sharper.} Bh7 23. g3 Rad8 24. b4) 22... Rhd8 23. Nc4 (23. Nh4 {is more complex.} Bh7 24. Nhf3 g5 25. g3) 23... Kf8 24. Na5 Rab8 25. g3 Bg6 26. Nh4 Bf7 27. Bb1 Nc7 28. Nc4 Nb5 ({But not} 28... Rxd4 $6 29. Rxe7 $1 Kxe7 30. Nf5+ Kf8 31. Nxd4 $11) 29. d5 Rxd5 30. Ne3 Rd2 31. Rc2 Rbd8 32. Nf3 Rxc2 {[%emt 0:00:03] 0x0.0002de0880eddp-1022s more active pieces.} 33. Bxc2 Nd4 34. Nxd4 Rxd4 35. Rd1 Rxd1+ 36. Bxd1 Nd5 37. Nxd5 Bxd5 $17 {[%emt 0:00:02] KB-KB} ({Weaker is} 37... cxd5 38. Kf1 $15) 38. f4 Ke7 39. Kf2 Kd6 40. Ke3 c5 41. Kd2 {[%emt 0:00:21] [#]} (41. Bh5 {keeps fighting.}) 41... c4 $1 $19 42. Kc3 {[%emt 0:00:08] [#]} Kc5 $1 {[%emt 0:00:01] Weighted Error Value: White=0.16 (very precise) /Black=0.04 (flawless)} 0-1

[Event "Super United Croatia GCT Blitz 2022"]
[Site "Zagreb"]
[Date "2022.07.23"]
[Round "2"]
[White "Dominguez Perez, Leinier"]
[Black "Mamedyarov, Shakhriyar"]
[Result "1-0"]
[ECO "C77"]
[WhiteElo "2754"]
[BlackElo "2759"]
[Annotator "TA"]
[PlyCount "115"]
[EventDate "2022.07.20"]
[EventType "tourn"]
[EventCountry "CRO"]
[SourceTitle "playchess.com"]
[Source "ChessBase"]
[SourceQuality "1"]
[TimeControl "300+2"]

1. e4 e5 2. Nf3 Nc6 3. Bb5 a6 4. Ba4 Nf6 5. Nc3 Bc5 6. O-O b5 7. Bb3 d6 {[%emt 0:00:02] C77: Ruy Lopez: 3...a6 4 Ba4 Nf6, unusual lines.} 8. Nd5 O-O 9. c3 (9. d4 $5 Bxd4 10. Bg5 $14) 9... h6 {[%emt 0:00:29] White is slightly better.} 10. d4 Ba7 11. h3 Rb8 12. Re1 (12. Be3 $5 ) 12... Re8 {[%emt 0:00:01] [#]} 13. Be3 $146 ({Predecessor:} 13. Nxf6+ Qxf6 14. Be3 Bb6 15. a4 Ne7 16. axb5 axb5 17. dxe5 dxe5 18. Bxb6 Rxb6 19. Ra7 {1-0 (58) Henning,M (2286)-Plischki,S (2152) Playchess.com INT 2020}) 13... Nxd5 14. Bxd5 exd4 (14... Ne7 $11 {keeps the balance.}) 15. cxd4 (15. Bxc6 dxe3 16. fxe3 Bd7 $17) (15. Nxd4 Nxd4 16. cxd4 (16. Bxd4 Bb6 $11) 16... Bb7 $14) ({White should try} 15. Bxh6 $1 $16 Bb7 16. Bg5) 15... Ne7 16. Bb3 Ng6 {[%emt 0:00:07] [#] Inhibits Nh4.} 17. Qc2 $1 Bb6 18. Rac1 Qf6 {[%emt 0:00:15] Inhibits e5.} 19. e5 Qf5 ({Much less strong is} 19... dxe5 20. dxe5 Qf5 21. Qxf5 Bxf5 22. Bxb6 cxb6 23. Nd4 $16) 20. exd6 cxd6 21. Qxf5 Bxf5 22. Bd5 (22. Rc6 $11) 22... Ne7 $15 23. Bb3 Be4 24. Bf4 $36 {[%emt 0:00:02][%mdl 2048] White is pushing.} Bxf3 (24... Nf5 $11) 25. Bxd6 $14 ({Of course not} 25. gxf3 Nf5 $15) 25... Rb7 26. gxf3 Bxd4 {[%emt 0:00:01] [#]} (26... Rd7 $1 $14 27. Ba3 a5) 27. Bd5 $1 $16 {[%emt 0:00:03] This bishop pair is nice.} Rd7 28. Bc6 {[%emt 0:00:01] White is more active.} Rxd6 29. Bxe8 Kf8 30. Rc7 Bf6 31. Rd7 Rxd7 32. Bxd7 Bxb2 {[%emt 0:00:01][%mdl 4096] Endgame KRB-KBN} 33. Re2 Bc3 34. Rc2 b4 35. Re2 g6 36. Re4 Nd5 37. Bc6 Ne7 38. Bb7 a5 39. Rc4 Nf5 40. Be4 {[%emt 0:00:02] And now Bxf5 would win.} Nd6 (40... Nd4 $142) 41. Rc6 Nxe4 (41... Ke7 $16 42. Ra6 Nb5) 42. fxe4 {[%emt 0:00:01] KR-KB} a4 43. Ra6 a3 44. Rb6 Kg7 45. Kf1 h5 (45... g5 $16 46. Kg2 f6) 46. Ke2 $18 g5 47. f3 f6 48. Kd3 Kg6 49. Kc4 (49. Ke3 $18) 49... g4 $16 50. hxg4 hxg4 {[%emt 0:00:00] White must now prevent ...g3.} 51. fxg4 Kg5 52. Rxb4 (52. Kd3 $16) 52... Bb2 $2 (52... Bxb4 $11 53. Kxb4 Kxg4) 53. Rb5+ Kxg4 54. Rf5 Kg3 55. Kd3 Kg4 56. Ke2 Be5 57. Kd3 Bb2 $1 58. Kc4 $2 {[%emt 0:00:01][%mdl 32768] Weighted Error Value: White=0.23 (precise) /Black=0.23 (precise) . Sensor Board Error (Ke4/e5)?} (58. Kd2 {mates} Be5 59. Kd3 Bg3 60. Kd4 Bh4 61. Ra5 Bf2+ 62. Kd5 Bh4 63. Rxa3) 1-0

[Event "Super United Croatia GCT Blitz 2022"]
[Site "Zagreb"]
[Date "2022.07.23"]
[Round "2"]
[White "Topalov, Veselin"]
[Black "Carlsen, Magnus"]
[Result "0-1"]
[ECO "C55"]
[WhiteElo "2728"]
[BlackElo "2864"]
[Annotator "TA"]
[PlyCount "64"]
[EventDate "2022.07.20"]
[EventType "tourn"]
[EventCountry "CRO"]
[SourceTitle "playchess.com"]
[Source "ChessBase"]
[SourceQuality "1"]
[TimeControl "300+2"]

1. e4 e5 2. Nf3 Nc6 3. Bc4 Nf6 4. d3 Be7 5. Nc3 d6 6. a3 O-O 7. O-O h6 {[%emt 0:00:22] C55: Two Knights: 4 d3, 4 d4 exd4 5 e5 and Max Lange Attack.} 8. h3 Re8 {[%emt 0:00:05] seems to push 8...Be6 aside.} 9. Be3 Bf8 {[%emt 0:00:02] White has an edge.} 10. Re1 {[%emt 0:00:07] [#]} Ne7 $5 $146 {[%emt 0:00:14][%mdl 8] An interesting novelty.} ({Predecessor:} 10... Be6 11. Bxe6 Rxe6 12. d4 Re8 13. Qd3 exd4 14. Nxd4 Ne5 15. Qb5 Qd7 16. Qxd7 Nexd7 {1-0 (90) Matlakov,M (2674)-Ivanchuk,V (2678) Chess.com INT 2022}) 11. d4 exd4 12. Bxd4 Nc6 13. e5 (13. Be3 {with more complications.} a6 14. Ba2 Ne5 15. Nxe5 dxe5 16. Qf3) 13... Nxd4 (13... dxe5 $11 14. Nxe5 (14. Bxe5 Qxd1 15. Raxd1 Nxe5 $11) 14... Nxe5 15. Rxe5 (15. Bxe5 Be6 $11) 15... Bd7) 14. Qxd4 $16 dxe5 15. Qxd8 Rxd8 16. Nxe5 Be6 17. Bxe6 fxe6 18. Nc4 {[%emt 0:01:14] Pair of Knights!} Rd4 19. Na5 Rd2 20. Re2 Rxe2 21. Nxe2 Rd8 22. Kf1 (22. Nxb7 Rb8 23. Na5 Rxb2 $17) 22... Rd5 23. Nb3 Ne4 24. Nf4 Rf5 25. Nd3 c5 {[%emt 0:00:14] [#] Strongly threatening ...c4.} 26. c4 ({Much weaker is} 26. Re1 Ng3+ 27. Kg1 c4 $11) 26... Nd6 27. Rc1 ({But not} 27. Ndxc5 Nxc4 28. Nxe6 Nxb2 $11) 27... b6 28. Ke2 Be7 29. g3 (29. Nd2 $11) 29... e5 $15 30. g4 Rf6 (30... Rf8 $1 $15) 31. Nxe5 (31. Nd2 $1 $11) 31... Re6 $17 32. f4 {[%emt 0:00:01] [#] Against Bg5} g5 $1 {[%emt 0:00:07] Weighted Error Value: White=0.24 (precise) /Black=0.15 (very precise)} 0-1

[Event "Super United Croatia GCT Blitz 2022"]
[Site "Zagreb"]
[Date "2022.07.23"]
[Round "2"]
[White "Saric, Ivan"]
[Black "Van Foreest, Jorden"]
[Result "0-1"]
[ECO "C65"]
[WhiteElo "2680"]
[BlackElo "2678"]
[Annotator "TA"]
[PlyCount "74"]
[EventDate "2022.07.20"]
[EventType "tourn"]
[EventCountry "CRO"]
[SourceTitle "playchess.com"]
[Source "ChessBase"]
[SourceQuality "1"]
[TimeControl "300+2"]

1. e4 e5 2. Nf3 Nc6 3. Bb5 Nf6 4. d3 Bc5 5. Bxc6 dxc6 6. O-O {[%emt 0:00:03] C65: Ruy Lopez: Berlin Defence (3...Nf6), unusual lines and 4 0-0 Bc5.} Nd7 7. Nbd2 {[%emt 0:00:04] 7.c3 is more advanced technology.} O-O 8. Nc4 {[%emt 0:00:01] The position is equal.} f6 9. Kh1 a5 10. a4 {[%emt 0:00:02] [#]} Rf7 $146 ({Predecessor:} 10... Nb6 11. Be3 Bxe3 12. Nxe3 Be6 13. Ng1 Qd4 14. b3 Nd7 15. Ne2 Qc5 16. Qd2 Rae8 {1-0 (108) Giri,A (2764)-Lysyj,I (2593) Chess.com INT 2020}) 11. c3 Nf8 12. h3 Be6 {[%emt 0:00:04] Strongly threatening ...Bxc4.} 13. Nxa5 Rxa5 14. b4 {[%emt 0:00:00] [#]} Bxb4 15. cxb4 Ra8 16. d4 (16. Qc2 $11) 16... Rd7 $1 $15 17. Bb2 {[%emt 0:00:01] [#]} exd4 (17... Bf7 $1 $17) 18. Nxd4 $11 Bf7 19. Qd3 Ne6 20. Nxe6 Rxd3 21. Nxd8 Raxd8 22. Rac1 Rb3 23. Rfd1 (23. Bc3 $11 {was the only way to keep the balance.}) 23... Rxd1+ $17 24. Rxd1 {[%emt 0:00:00][%mdl 4096] Endgame And now Rd8+ would win. KRB-KRB} Be6 ({Much worse is} 24... Rxb2 $6 25. Rd8+ Be8 26. Rxe8+ Kf7 27. Rc8 $11) 25. Rd2 Rxb4 26. e5 Kf7 27. exf6 gxf6 28. a5 c5 29. Ba3 (29. Rc2 $17 {is a better defense.}) 29... Rb5 $19 30. a6 bxa6 31. f4 c4 {[%emt 0:00:05] Hoping for ...c3.} 32. Bb2 (32. Rc2 {was worth a try.}) 32... Rb3 33. Bd4 Bf5 {[%emt 0:00:04] White must now prevent ...c3. Black is clearly winning.} 34. Ra2 Rd3 35. Bc5 c3 36. Ba3 Rd1+ 37. Kh2 c2 {[%emt 0:00:01] Weighted Error Value: White=0.47/Black=0.17 (very precise)} 0-1